 Dungeon Crawl Stone Soup version 0.24.0-123-gd5b16e6ec5 (webtiles) character file.

Game seed: 2451668961507678113, levelgen mode: deterministic

13175 Freitmort the Thaumaturge (level 11, -10/59 HPs)
             Began as a Deep Elf Conjurer on Dec 16, 2019.
             Was a Believer of Vehumet.
             Splashed by an oklob plant's acid (11 damage)
             ... on level 4 of the Lair of Beasts on Dec 19, 2019.
             The game lasted 01:37:39 (18205 turns).

Freitmort the Thaumaturge (Deep Elf Conjurer)      Turns: 18205, Time: 01:37:40

Health: -10/59     AC:  4    Str:  7    XL:     11   Next: 72%
Magic:  45/46      EV: 16    Int: 24    God:    Vehumet [**....]
Gold:   882        SH:  3    Dex: 15    Spells: 18/38 levels left

rFire    . . .     SeeInvis .   C - staff of power
rCold    . . .     Gourm    .   (no shield)
rNeg     . . .     Faith    .   a - +1 robe
rPois    .         Spirit   .   x - +2 helmet
rElec    .         Reflect  +   w - +2 cloak
rCorr    .         Harm     .   r - +2 pair of gloves
MR       ++...                  (no boots)
Stlth    +++.......             L - +3 amulet of reflection
HPRegen  0.19/turn              z - ring of protection from magic
MPRegen  0.30/turn              u - +2 ring of intelligence

@: corroded, very slightly contaminated
A: no striking features
a: Renounce Religion


You were on level 4 of the Lair of Beasts.
You worshipped Vehumet.
Vehumet was pleased with you.
You were hungry.

You visited 4 branches of the dungeon, and saw 17 of its levels.

You collected 902 gold pieces.
You spent 20 gold pieces at shops.

Inventory:

Hand Weapons
 i - the +10 broad axe of Destruction {holy, Stlth+}
   (You found it on level 7 of the Dungeon)

   It has been blessed by the Shining One to cause great damage to the undead
   and demons.
   It makes you more stealthy.
 j - a +1 dagger of holy wrath
Armour
 a - a +1 robe (worn)
 r - a +2 pair of gloves (worn)
 w - a +2 cloak (worn)
 x - a +2 helmet (worn)
Magical Staves
 C - an uncursed staff of power (weapon)
Jewellery
 o - an uncursed ring of protection from cold
 u - a +2 ring of intelligence (right hand)
 z - a ring of protection from magic (left hand)
 H - an uncursed ring of fire
 I - a +3 ring of slaying
 K - a cursed amulet of inaccuracy {unknown}
 L - a +3 amulet of reflection (around neck)
Wands
 n - a wand of paralysis (8)
 A - a wand of disintegration (19)
 F - a wand of flame (9)
Scrolls
 b - 5 scrolls of amnesia
 g - 7 scrolls of teleportation
 h - 6 scrolls of remove curse
 q - a scroll of fog
 B - a scroll of magic mapping
 D - a scroll of identify
Potions
 d - a potion of magic
 e - a potion of might
 f - 4 potions of cancellation
 k - 6 potions of heal wounds
 l - 2 potions of invisibility
 m - 3 potions of brilliance
 p - a potion of berserk rage
 s - a potion of ambrosia
 t - 2 potions of curing
 v - 2 potions of resistance
 E - a potion of flight
 G - a potion of agility
Miscellaneous
 y - a phantom mirror
Comestibles
 c - 22 rations


   Skills:
 + Level 2.8 Fighting
 + Level 0.3 Axes
 + Level 6.8 Dodging
 + Level 5.8 Stealth
 - Level 14.0 Spellcasting
 - Level 11.9 Conjurations
 * Level 4.8 Fire Magic
 * Level 5.1 Earth Magic
 + Level 5.9 Evocations


You had 18 spell levels left.
You knew the following spells:

 Your Spells              Type           Power        Failure   Level  Hunger
a - Magic Dart            Conj           ####         1%          1    None
b - Searing Ray           Conj           ######       1%          2    None
c - Iskenderun's Mystic   Conj           ######..     1%          4    None
d - Conjure Flame         Conj/Fire      ######..     1%          3    None
e - Throw Flame           Conj/Fire      ######       1%          2    None
f - Stone Arrow           Conj/Erth      ######       1%          3    None
g - Lee's Rapid Deconstr  Erth           #####.....   12%         5    ###....

Your spell library contained the following spells:

 Spells                   Type           Power        Failure   Level  Hunger
 Sandblast                Erth           #####.       1%          1    None
 Passwall                 Tmut/Erth      ####....     1%          2    None
 Dazzling Spray           Conj/Hex       #####.       1%          3    None
 Force Lance              Conj/Tloc      #####...     3%          4    None
 Fulminant Prism          Conj/Hex       #####.....   3%          4    None
 Petrify                  Tmut/Erth      ####....     12%         4    None


Dungeon Overview and Level Annotations

Branches:
Dungeon (11/15)            Temple (1/1) D:7            Lair (4/6) D:10
 Spider (0/4) Lair:2          Orc (1/2) D:9
  Swamp: Lair:2-4    Shoals: Lair:2-4

Altars:
Ashenzari
Cheibriados
Dithmenos
Elyvilon
Fedhas
Gozag
Hepliaklqana
Kikubaaqudgha
Makhleb
Nemelex Xobeh
Okawaru
Qazlal
Ru
Sif Muna
Trog
Uskayaw
Vehumet
Wu Jian
Xom
Yredelemnul
Zin
The Shining One

Shops:
D:7 }   D:9 %   D:10 *

Annotations:
D:9 exclusion: downstairs
D:10 exclusion: fire dragon
Lair:2 exclusion: oklob plant
Lair:4 exclusion: oklob plant


Message History

The elephant tramples you but does no damage.
The elephant misses you. The elephant completely misses you.
The elephant trunk-slaps you but does no damage.
The oklob plant spits acid at you. The splash of acid hits you.
The acid corrodes you!
You are splashed with acid!
The oklob plant spits acid at you. The splash of acid hits you!
* * * LOW HITPOINT WARNING * * *
The acid corrodes you!
You are splashed with acid!
* * * LOW HITPOINT WARNING * * *
Okay, then.
Blink to where?
Press: ? - help, Dir - move target cursor
As you read the scroll of blinking, it crumbles to dust.
The oklob plant spits acid at you. The splash of acid hits you!
* * * LOW HITPOINT WARNING * * *
You are splashed with acid!
You die...

.# ..# ###..##
###P##.P##
#.......P#
#######..<...##
......+......##
#..Y.....#
##§Y..@.#...#
#...P...+ ...
##......# #
#......#
#......#
#........#
##......P#
##.+.####


You could see 2 elephants and an oklob plant.

Vanquished Creatures
  Harold (D:9)
  A two-headed ogre (D:10)
  Urug (Lair:2)
  Pikel (D:9)
  A black mamba (Lair:3)
  2 spiny frogs (Lair:1)
  A komodo dragon (Lair:1)
  4 blink frogs (Lair:2)
  6 hippogriffs
  3 redbacks (Lair:2)
  2 basilisks
  A human (D:9)
  A yak (D:9)
  A hungry ghost (D:7)
  3 hogs (D:9)
  5 water moccasins
  4 porcupines
  2 black bears
  5 orc warriors
  6 ogres
  A slave (D:9)
  4 phantoms
  5 wolves (Lair:1)
  7 centaurs
  A crocodile (Lair:3)
  2 big kobolds
  10 bullfrogs
  A scorpion (Lair:1)
  A water moccasin skeleton (D:9)
  3 killer bees (D:9)
  4 howler monkeys
  3 wights (D:8)
  A jelly (D:7)
  An electric eel (Lair:1)
  2 centaur zombies
  3 crimson imps
  2 hounds (D:6)
  A quasit (D:8)
  8 orc priests
  8 orc wizards
  2 iguanas
  3 bullfrog skeletons
  8 worker ants
  A killer bee zombie (D:7)
  3 hound skeletons
  A worker ant zombie (D:7)
  4 gnolls (D:4)
  16 adders
  3 shadow imps
  An ooze (D:1)
  2 adder skeletons
  An adder zombie (D:8)
  4 worms
  8 leopard geckos
  29 orcs
  A ball python (D:1)
  8 bats
  4 giant cockroaches
  14 goblins
  6 hobgoblins
  4 jackals
  13 kobolds
  4 quokkas
  2 frilled lizards
  A jackal zombie (D:7)
  A leopard gecko zombie (D:3)
  9 rats
272 creatures vanquished.

Vanquished Creatures (collateral kills)
  A big kobold (D:7)
  A centaur skeleton (D:7)
2 creatures vanquished.

Vanquished Creatures (others)
  3 slaves (D:9)
  2 necrophages (D:9)
  2 killer bees (D:9)
  A centaur zombie (D:9)
  A crimson imp (D:9)
  2 fungi
11 creatures vanquished.

Grand Total: 285 creatures vanquished

Notes
Turn   | Place    | Note
-------+----------+-------------------------------------------
     0 | D:1      | Freitmort the Deep Elf Conjurer began the quest for the
                  | Orb.
     0 | D:1      | Reached XP level 1. HP: 10/10 MP: 6/6
   156 | D:1      | Reached XP level 2. HP: 15/15 MP: 6/8
   178 | D:1      | Learned a level 2 spell: Searing Ray
   391 | D:1      | Reached skill level 5 in Conjurations
   874 | D:2      | Reached XP level 3. HP: 19/19 MP: 6/9
  1133 | D:2      | Found a sacrificial altar of Ru.
  1478 | D:2      | Reached skill level 4 in Spellcasting
  1478 | D:2      | Reached XP level 4. HP: 24/24 MP: 8/12
  1537 | D:2      | Found a burning altar of Makhleb.
  1537 | D:2      | Noticed a blizzard demon
  1542 | D:2      | Noticed a hellwing
  1542 | D:2      | Noticed a ynoxinul
  1951 | D:3      | Learned a level 4 spell: Iskenderun's Mystic Blast
  1959 | D:3      | Reached skill level 5 in Spellcasting
  2052 | D:3      | Reached XP level 5. HP: 28/28 MP: 9/14
  2891 | D:4      | Reached skill level 6 in Spellcasting
  3076 | D:4      | Reached XP level 6. HP: 23/32 MP: 1/17
  4013 | D:5      | Entered Level 5 of the Dungeon
  4177 | D:5      | Reached skill level 1 in Evocations
  4644 | D:5      | Reached skill level 7 in Spellcasting
  5281 | D:6      | Reached XP level 7. HP: 25/36 MP: 11/19
  6097 | D:6      | Reached skill level 8 in Spellcasting
  6213 | D:6      | Reached XP level 8. HP: 42/42 MP: 15/22
  6448 | D:7      | Found a sparkling altar of Nemelex Xobeh.
  6902 | D:6      | Reached skill level 9 in Spellcasting
  7105 | D:7      | Noticed a hippogriff
  7111 | D:7      | Killed a hippogriff
  7111 | D:7      | Reached skill level 1 in Fighting
  7426 | D:7      | Found Ilyps's Gadget Boutique.
  7639 | D:7      | Noticed a hippogriff
  7647 | D:7      | Killed a hippogriff
  7647 | D:7      | Reached skill level 10 in Spellcasting
  7647 | D:7      | Reached XP level 9. HP: 31/47 MP: 9/25
  7839 | D:7      | Got a fine broad axe
  8200 | D:7      | Identified the +10 broad axe of Destruction {holy, Stlth+}
                  | (You found it on level 7 of the Dungeon)
  8227 | D:7      | Found a staircase to the Ecumenical Temple.
  8233 | Temple   | Entered the Ecumenical Temple
  8349 | Temple   | Became a worshipper of Vehumet
  8748 | D:7      | Found a glowing golden altar of the Shining One.
  9165 | D:8      | Found a basalt altar of Yredelemnul.
  9322 | D:8      | Reached skill level 11 in Spellcasting
  9731 | D:8      | Reached skill level 5 in Stealth
 10231 | D:8      | Reached skill level 5 in Dodging
 10231 | D:8      | Reached skill level 10 in Conjurations
 10707 | D:8      | Reached skill level 12 in Spellcasting
 10927 | D:8      | Found a bloodstained altar of Trog.
 11315 | D:9      | Noticed Pikel
 11323 | D:9      | Killed Pikel
 11323 | D:9      | Reached XP level 10. HP: 53/53 MP: 19/28
 11401 | D:9      | Found a shimmering altar of Xom.
 11401 | D:9      | Found a snail-covered altar of Cheibriados.
 11622 | D:9      | Noticed Harold
 12259 | D:9      | Found a staircase to the Orcish Mines.
 12352 | D:9      | Found Sutit's Food Boutique.
 12645 | D:9      | Killed Harold
 12645 | D:9      | Reached skill level 13 in Spellcasting
 12645 | D:9      | Reached skill level 5 in Evocations
 13587 | D:10     | Entered Level 10 of the Dungeon
 13588 | D:10     | Noticed a two-headed ogre
 13786 | D:10     | Noticed a fire dragon
 13801 | D:10     | Found a staircase to the Lair.
 13867 | D:10     | Reached * piety under Vehumet
 13867 | D:10     | Offered knowledge of Sandblast by Vehumet.
 14050 | D:10     | Found Xoirghua's General Store.
 14062 | D:10     | Bought a scroll of identify for 20 gold pieces
 14519 | D:10     | Killed a two-headed ogre
 14519 | D:10     | Reached XP level 11. HP: 27/57 MP: 27/30
 14765 | D:10     | Learned a level 1 spell: Sandblast
 15105 | Orc:1    | Entered Level 1 of the Orcish Mines
 15169 | Orc:1    | Noticed an orc knight
 15254 | Lair:1   | Entered Level 1 of the Lair of Beasts
 15371 | Lair:1   | Reached ** piety under Vehumet
 15371 | Lair:1   | Offered knowledge of Throw Flame by Vehumet.
 15371 | Lair:1   | Reached skill level 14 in Spellcasting
 15375 | Lair:1   | Learned a level 2 spell: Throw Flame
 15470 | Lair:1   | Reached skill level 1 in Earth Magic
 15520 | Lair:1   | Reached skill level 1 in Fire Magic
 16912 | Lair:2   | Noticed Urug
 17090 | Lair:2   | Found a burning altar of Makhleb.
 17090 | Lair:2   | Noticed an oklob plant
 17191 | Lair:2   | Killed Urug
 17328 | Lair:2   | Found a hole to the Spider Nest.
 17635 | Lair:3   | Reached skill level 5 in Earth Magic
 17655 | Lair:3   | Learned a level 3 spell: Stone Arrow
 17661 | Lair:3   | Learned a level 5 spell: Lee's Rapid Deconstruction
 17728 | Lair:3   | Offered knowledge of Conjure Flame by Vehumet.
 17733 | Lair:3   | Learned a level 3 spell: Conjure Flame
 18196 | Lair:4   | Noticed an oklob plant
 18205 | Lair:4   | HP: 1/59 [oklob plant/splash of acid (10)]
 18205 | Lair:4   | Splashed by an oklob plant's acid

Levels and vault maps discovered:
D:1:      scummos_arrival_hexagon, layout_rooms
D:2:      layout_loops_cross, hangedman_ru_absence, makhleb_altar_promises_db
D:3:      layout_basic
D:4:      layout_loops_ring
D:5:      layout_layer_cave, first_ration, minivault_23
D:6:      layout_loops_cross
D:7:      layout_gridville, nemelex_xobeh_ov_fountains_minmay,
          minmay_temple_entry_fiery, basic_altar, serial_shops,
          nicolae_shop_stone, minmay_bent
D:8:      nicolae_whirlpool, layout_basic, bloody_trog,
          overflow_temple_1_default
D:9:      layout_basic, gammafunk_temple_overflow_elements, erik_orc_3,
          serial_shops, kennysheep_mini_moat, grunt_livestock, uniq_pikel,
          uniq_harold
D:10:     layout_rooms, minmay_lair_entry_lava, serial_shops, shop,
          columned_hall_lemuel
D:11:     layout_stronghold
Temple:   regret_index_temple_generic_petals
Lair:1:   layout_hall_layers, serial_bayou_lagoon_b
Lair:2:   layout_loops_ring, spider_nest_entry_webs, lemuel_oklob_altar,
          infiniplex_staircase_pool, lemuel_fruit_fields, uniq_urug
Lair:3:   wander_river, layout_layer_cave, nicolae_swamp_entry_splash_gauntlet,
          serial_bayou_crossing
Lair:4:   layout_roguey
Orc:1:    layout_caves, serial_shops, nicolae_shop_statue_plus

Skill      XL: |  1  2  3  4  5  6  7  8  9 10 11 |
---------------+----------------------------------+-----
Conjurations   | 5 6 7 8 10 11 | 11.9
Spellcasting   | 4 5 6 7 8 10 12 13 14 | 14.0
Stealth        | 3 4 5 |  5.8
Dodging        | 3 4 5 6 |  6.8
Evocations     | 1 2 3 5 |  5.9
Fighting       | 1 2 |  2.8
Earth Magic    | 5 |  5.1
Fire Magic     | 4 |  4.8
Axes           | |  0.3

Action                   |  1- 3 |  4- 6 |  7- 9 | 10-12 || total
-------------------------+-------+-------+-------+-------++-------
Melee: Broad axe         |       |       |       |     2 ||     2
       Staff             |       |       |       |     1 ||     1
 Cast: Magic Dart        |    77 |    95 |   154 |   260 ||   586
       Searing Ray       |     2 |    18 |    49 |    74 ||   143
       Iskenderun's Myst |       |       |    13 |    34 ||    47
       Throw Flame       |       |       |       |     5 ||     5
       Stone Arrow       |       |       |       |     3 ||     3
       Lee's Rapid Decon |       |       |       |     1 ||     1
  Use: Scroll            |     6 |    11 |     2 |    18 ||    37
       Potion            |       |       |       |     2 ||     2
  Eat: Chunk             |     1 |    11 |    11 |    18 ||    41
       Ration            |       |       |     2 |     1 ||     3
Armor: Robe              |     2 |     1 |    13 |    39 ||    55
Dodge: Dodged            |     3 |    23 |    83 |   109 ||   218
Block: Other             |       |       |       |     2 ||     2
